 Dungeon Crawl Stone Soup version 0.32-a0-520-g344ed53f66 (webtiles) character file.

Game seed: 5960761264020062042

753 Drazool the Chopper (level 7, -3/66 HPs)
             Began as an Oni Hunter on Feb 27, 2024.
             Was an Initiate of Dithmenos.
             Slain by a water moccasin (4 damage)
             ... on level 5 of the Dungeon.
             The game lasted 00:09:27 (4038 turns).

Drazool the Chopper (Oni Hunter)                    Turns: 4038, Time: 00:09:28

Health: -3/66      AC:  4    Str: 22    XL:     7   Next: 79%
Magic:  7/7        EV: 10    Int: 10    God:    Dithmenos [......]
Gold:   359        SH:  0    Dex: 14    Spells: 3/6 levels left

rFire   . . .        b - +2 hand axe (heavy)
rCold   . . .        (no shield)
rNeg    . . .        c - +1 robe
rPois   .            (helmet restricted)
rElec   .            (no cloak)
rCorr   .            (gloves unavailable)
SInv    .            (boots unavailable)
Will    .....        (no amulet)
Stlth   ++           S - +6 ring of strength
HPRegen 0.31/turn    (no ring)
MPRegen 0.10/turn

%: no passive effects
@: no status effects
A: large, unfitting armour, horns 1, tough skin 1, double potion healing,
drunken brawling
a: Renounce Religion


You were on level 5 of the Dungeon.
You worshipped Dithmenos.
Dithmenos was noncommittal.
You visited 1 branch of the dungeon, and saw 5 of its levels.

You collected 359 gold pieces.


Innate Abilities, Weirdness & Mutations

You are too large for most types of armour.
You have a pair of small horns on your head.
You have tough skin. (AC +1)
You gain doubled healing and magic from potions.
Whenever you drink a healing potion, you attack all around you.


   Skills:
 - Level 2.6 Fighting
 * Level 7.4 Axes
 - Level 4.1 Ranged Weapons
 - Level 1.7 Dodging
 - Level 0.6 Stealth


You had 3 spell levels left.
You knew the following spells:

 Your Spells              Type           Power      Damage    Failure   Level
v - Vampiric Draining     Necr           0%         2d6       75%         3

Your spell library contained the following spells:

 Spells                   Type           Power      Damage    Failure   Level
 Slow                     Hex            0%         N/A       36%         1
 Ensorcelled Hibernation  Hex/Ice        0%         N/A       50%         2
 Confusing Touch          Hex            0%         N/A       75%         3
 Passwall                 Erth           0%         N/A       75%         3
 Sigil of Binding         Hex            0%         N/A       75%         3
 Swiftness                Air            0%         N/A       75%         3

Inventory:

Hand Weapons
 a - a +0 shortbow
 b - a +2 heavy hand axe (weapon)
Missiles
 d - 2 poisoned darts (quivered)
 m - a throwing net {=f}
Armour
 c - a +1 robe (worn)
Magical Staves
 l - a staff of conjuration {!a}
Jewellery
 S - a +6 ring of strength (left hand)
 Z - a ring of wizardry
Wands
 k - a wand of flame (21)
Scrolls
 e - a scroll of butterflies
 g - 2 scrolls of noise
 h - 2 scrolls of fear
Potions
 f - 2 potions of lignification
 i - 2 potions of enlightenment
 j - a potion of invisibility {unknown}
 o - a potion of attraction {unknown}
 r - a potion of haste {unknown}

Dungeon Overview and Level Annotations

Branches:
Dungeon (5/15)
 Temple: D:4-7

Altars:
Dithmenos
Elyvilon
Fedhas
Makhleb
Qazlal
Vehumet

## #.# ##
....... O#.#.
... #.#
###.#.#...
#.##SO....#
#.##S#.##.#
#.##@#.# .##
#.##.#.##.#.
#.##.#.##..
#.##.#....# ##
#.##.###..##.##
#.#...##......#
#......#...#
#..........#
##.....#...#


You could see a water moccasin, an ogre and an adder.


Message History

You hit the ogre but do no damage. You headbutt the ogre.
The ogre is heavily wounded.
The ogre hits you with a +0 giant club!
You barely miss the ogre. Your headbutt misses the ogre.
The ogre is heavily wounded.
The ogre hits you with a +0 giant club!!
* * * LOW HITPOINT WARNING * * *
You slash the ogre!
The ogre is severely wounded.
The ogre misses you.
You barely miss the ogre. You headbutt the ogre.
The ogre is almost dead.
The ogre hits you with a +0 giant club!!
* * * LOW HITPOINT WARNING * * *
You closely miss the ogre.
The ogre is almost dead.
The ogre closely misses you.
Unknown command.
You slice the ogre!!
You kill the ogre!
Dithmenos accepts your kill. The water moccasin closely misses you.
Unknown command.
You barely miss the water moccasin. You headbutt the water moccasin.
The water moccasin is lightly wounded.
You hear the slow hiss of a distant avalanche of sand.
The water moccasin bites you.
* * * LOW HITPOINT WARNING * * *
The water moccasin bites you.
You die...

Skill      XL: |  1  2  3  4  5  6  7 |
---------------+----------------------+-----
Ranged Weapons | 3 4 |  4.1
Axes           | 2 4 5 7 |  7.4
Fighting       | |  2.6
Dodging        | |  1.7
Stealth        | |  0.6

Action                     |  1- 3 |  4- 6 |  7- 9 || total
---------------------------+-------+-------+-------++-------
  Melee: Hand axe          |    33 |   105 |    21 ||   159
         Headbutt          |     2 |    14 |     6 ||    22
   Fire: Shortbow          |    90 |       |       ||    90
  Throw: Dart              |       |       |     3 ||     3
    Use: Scroll            |     3 |     2 |     5 ||    10
   Stab: Sleeping          |     1 |     3 |       ||     4
 Armour: Robe              |    50 |    83 |    10 ||   143
  Dodge: Dodged            |    59 |    70 |    13 ||   142
         Repelled          |       |     1 |       ||     1

Levels and vault maps discovered:
D:1:      dpeg_arrival_three_same_balls, layout_basic, serial_rivers,
          chequers_serial_rivers_micro_d, chequers_serial_rivers_small_3,
          chequers_serial_rivers_small_a, chequers_serial_rivers_large_a,
          chequers_serial_rivers_micro_c, nicolae_houndstooth_variations
D:2:      minmay_roachtagon, layout_basic, interstate_on_off
D:3:      layout_basic, mainiacjoe_overflow_cross_hatched,
          overflow_temple_1_default, gammafunk_temple_overflow_pools
D:4:      layout_rooms, grunt_qazlal_sundering,
          mainiacjoe_overflow_tiny_flanked, minmay_small_thing
D:5:      layout_loops_ring, minmay_temple_entry_glassed_door, enter_ossuary_2

Notes
Turn   | Place    | Note
-------+----------+-------------------------------------------
     0 | D:1      | Drazool the Oni Hunter began the quest for the Orb.
     0 | D:1      | Reached XP level 1. HP: 22/22 MP: 1/1
    46 | D:1      | Reached skill level 3 in Ranged Weapons
   185 | D:1      | Reached XP level 2. HP: 27/29 MP: 2/2
  1343 | D:2      | Reached XP level 3. HP: 36/36 MP: 3/3
  1417 | D:2      | Reached skill level 4 in Ranged Weapons
  1745 | D:2      | Reached XP level 4. HP: 44/44 MP: 4/4
  2051 | D:3      | Reached skill level 1 in Axes
  2286 | D:3      | Reached skill level 2 in Axes
  2348 | D:3      | Found a white marble altar of Elyvilon.
  2465 | D:3      | Reached XP level 5. HP: 46/50 MP: 5/5
  2655 | D:3      | Found a radiant altar of Vehumet.
  2655 | D:3      | Found a shadowy altar of Dithmenos.
  2662 | D:3      | Became a worshipper of Dithmenos the Shadowed
  2787 | D:3      | Found a blossoming altar of Fedhas.
  3137 | D:4      | Reached skill level 3 in Axes
  3184 | D:4      | Reached skill level 4 in Axes
  3259 | D:4      | Found a stormy altar of Qazlal.
  3269 | D:4      | Reached XP level 6. HP: 56/59 MP: 6/6
  3525 | D:4      | Found a burning altar of Makhleb.
  3580 | D:4      | Reached skill level 5 in Axes
  3780 | D:4      | Learned a level 3 spell: Vampiric Draining
  3788 | D:4      | Reached XP level 7. HP: 48/66 MP: 7/7
  3897 | D:5      | Entered Level 5 of the Dungeon
  3964 | D:5      | Reached skill level 6 in Axes
  4031 | D:5      | Reached skill level 7 in Axes
  4035 | D:5      | HP: 2/66 [ogre/+0 giant club (22)]
  4038 | D:5      | Slain by a water moccasin

Vanquished Creatures
  An ice beast (D:5)
  2 ogres (D:5)
  A bullfrog (D:4)
  A scorpion (D:4)
  A howler monkey (D:5)
  A bombardier beetle (D:4)
  3 hounds (D:4)
  3 iguanas
  5 adders
  A white imp (D:4)
  2 dart slugs
  2 ribbon worms (D:4)
  2 orcs
  7 endoplasms
  11 giant cockroaches
  4 goblins
  10 hobgoblins
  5 jackals
  2 quokkas (D:1)
  4 ball pythons
  6 bats
  2 frilled lizards
  9 kobolds
  5 rats
90 creatures vanquished.

Table legend: (Time is in decaauts)
 A = Elapsed time spent in this place.
 B = Non-inter-level travel time spent in this place.
 C = Inter-level travel time spent in this place.
 D = Time resting spent in this place.
 E = Time spent auto-exploring this place.
 F = Levels seen in this place.
 G = Mean time per level.
                   A        B        C        D        E       F      G
               +--------+--------+--------+--------+--------+-----+--------+
         Total |   4169 |   4037 |    132 |      0 |   3204 |   5 |  833.8 |
       Dungeon |   4169 |   4037 |    132 |      0 |   3204 |   5 |  833.8 |
               +--------+--------+--------+--------+--------+-----+--------+

Top non-repeatable levels by time:
     D:1: 1195 daAuts
     D:3: 1135 daAuts
     D:2: 887 daAuts
     D:4: 818 daAuts
     D:5: 132 daAuts

Table legend:
 A = Non-vault XP
 B = Vault XP
 C = Vault XP percentage of total XP
 D = Non-vault monster count
 E = Vault monster count
 F = Vault count percentage of total count
                 A         B        C        D         E       F
            +---------+---------+-------+---------+---------+-------
      Total |     959 |     118 |  11.0 |      78 |      12 |  13.3
            +---------+---------+-------+---------+---------+-------
        D:1 |      29 |       0 |   0.0 |      18 |       0 |   0.0
        D:2 |      43 |      20 |  31.7 |      19 |      10 |  34.5
        D:3 |      79 |       0 |   0.0 |      19 |       0 |   0.0
        D:4 |     349 |      98 |  21.9 |      17 |       2 |  10.5
        D:5 |     459 |       0 |   0.0 |       5 |       0 |   0.0
            +---------+---------+-------+---------+---------+-------
